 Dungeon Crawl Stone Soup version 0.30-a0-870-gc5d4c5acee (webtiles) character file.

Game seed: 16110906560367918047

41 Rocko1345 the Vexing (level 3, -2/20 HPs)
             Began as a Deep Elf Hexslinger on Mar 11, 2023.
             Slain by a worm (10 damage)
             ... on level 2 of the Dungeon.
             The game lasted 00:05:39 (1366 turns).

Rocko1345 the Vexing (Deep Elf Hexslinger)          Turns: 1366, Time: 00:05:40

Health: -2/20      AC:  2    Str:  7    XL:     3   Next: 32%
Magic:  7/7        EV: 13    Int: 17    God:
Gold:   47         SH:  0    Dex: 17    Spells: 4/5 levels left

rFire   . . .      SeeInvis .    a - +1 sling
rCold   . . .      Faith    .    (no shield)
rNeg    . . .      Spirit   .    c - +0 robe
rPois   .          Reflect  .    (no helmet)
rElec   .          Rampage  .    (no cloak)
rCorr   .                        (no gloves)
Will    +....                    (no boots)
Stlth   ++                       (no amulet)
HPRegen 0.23/turn                b - ring of willpower
MPRegen 0.10/turn                (no ring)

@: no status effects
A: no striking features
a: no special abilities


You were on level 2 of the Dungeon.
You visited 1 branch of the dungeon, and saw 2 of its levels.

You collected 47 gold pieces.

Inventory:

Hand Weapons
 a - a +1 sling (weapon)
Armour
 c - a +0 robe (worn)
Jewellery
 b - a ring of willpower (left hand)
Scrolls
 g - a scroll of noise {unknown}
 h - a scroll of identify {unknown}
Potions
 d - a potion of degeneration {unknown}
 e - a potion of haste {unknown}
 f - 2 potions of might {unknown}


   Skills:
 - Level 1.0 Fighting
 * Level 4.3 Ranged Weapons
 + Level 2.5 Dodging
 + Level 0.4 Stealth
 * Level 1.8 Spellcasting
 + Level 4.3 Hexes


You had 4 spell levels left.
You knew the following spells:

 Your Spells              Type           Power      Damage    Failure   Level
a - Slow                  Hex            64%        N/A       3%          1

Your spell library contained the following spells:

 Spells                   Type           Power      Damage    Failure   Level
 Inner Flame              Hex/Fire       9%         N/A       24%         3
 Portal Projectile        Hex/Tloc       18%        N/A       24%         3
 Cause Fear               Hex            8%         N/A       32%         4


Dungeon Overview and Level Annotations

Branches:
Dungeon (2/15)

Altars:


Message History

Press: ? - help, Q - select action, (/) - cycle Shift-Dir - straight line, f - jackal
Aim: a jackal (53% to hit)
You shoot a sling bullet.
The sling bullet closely misses the jackal.
The sling bullet hits the rat.
You kill the rat!
The jackal bites you but does no damage.
The jackal bites you.
Fire: a) +1 sling
Press: ? - help, Q - select action, (/) - cycle Shift-Dir - straight line, f/p - jackal
Aim: a jackal (53% to hit)
You shoot a sling bullet. The sling bullet hits the jackal.
You kill the jackal!
Unknown command.
Fire: a) +1 sling
Press: ? - help, Q - select action, (/) - cycle Shift-Dir - straight line, f - worm
Aim: a worm (79% to hit)
You shoot a sling bullet. The sling bullet hits the worm.
The worm is lightly wounded.
Unknown command.
Fire: a) +1 sling
Press: ? - help, Q - select action, (/) - cycle Shift-Dir - straight line, f/p - worm
Aim: a worm (79% to hit)
You shoot a sling bullet. The sling bullet hits the worm!
The worm is heavily wounded.
Unknown command.
Fire: a) +1 sling
Press: ? - help, Q - select action, (/) - cycle Shift-Dir - straight line, f/p - worm
Aim: a worm (heavily wounded, 79% to hit)
You shoot a sling bullet. The sling bullet hits the worm!
The worm is almost dead.
The worm bites you.
Fire: a) +1 sling
Press: ? - help, Q - select action, (/) - cycle Shift-Dir - straight line, f/p - worm
Aim: a worm (severely wounded, 79% to hit)
You shoot a sling bullet. The sling bullet hits the worm.
The worm is almost dead.
The worm bites you!
Ouch! That really hurt!
You die...

#$.### #....
#?..# #.<.#
##...# #....#
#..#.# #.?.#w#
#w#h#@#
....r#.# #..
..#.# #.
...#.##########
#.
w..#..........#
##########.#
#.# #†# #.#


You could see a worm.

Vanquished Creatures
  2 dart slugs
  4 ball pythons (D:1)
  An endoplasm (D:1)
  A giant cockroach (D:1)
  3 goblins (D:1)
  4 hobgoblins
  4 jackals (D:2)
  2 quokkas (D:1)
  4 bats
  3 frilled lizards (D:1)
  4 kobolds (D:1)
  5 rats
37 creatures vanquished.

Vanquished Creatures (others)
  4 plants (D:1)
4 creatures vanquished.

Grand Total: 41 creatures vanquished

Notes
Turn   | Place    | Note
-------+----------+-------------------------------------------
     0 | D:1      | Rocko1345 the Deep Elf Hexslinger began the quest for the
                  | Orb.
     0 | D:1      | Reached XP level 1. HP: 11/11 MP: 5/5
   298 | D:1      | Reached XP level 2. HP: 15/16 MP: 6/6
   799 | D:1      | Reached skill level 1 in Fighting
  1068 | D:1      | Reached XP level 3. HP: 20/20 MP: 7/7
  1366 | D:2      | Slain by a worm

Illustrated notes

Levels and vault maps discovered:
D:1:      ncdulo_lavacross, layout_loops_corners, serial_bayou,
          serial_bayou_pond_d, serial_bayou_shore_b, serial_bayou_pond_e,
          serial_bayou_crossing, serial_bayou_ford_a, serial_bayou_shore_b,
          minmay_strange_pillars, due_unseen_surprise
D:2:      layout_basic, uniq_crazy_yiuf_cottage

Skill      XL: |  1  2 |
---------------+-------+-----
Ranged Weapons | 3 4 |  4.3
Fighting       | 1 |  1.0
Dodging        | |  2.5
Stealth        | |  0.4
Spellcasting   | |  1.8
Hexes          | |  4.3

Action                     || total
---------------------------++-------
   Fire: Sling             ||   113
   Cast: Slow              ||    14
    Use: Scroll            ||     1
 Armour: Robe              ||    18
  Dodge: Dodged            ||    36

Table legend: (Time is in decaauts)
 A = Elapsed time spent in this place.
 B = Non-inter-level travel time spent in this place.
 C = Inter-level travel time spent in this place.
 D = Time resting spent in this place.
 E = Time spent auto-exploring this place.
 F = Levels seen in this place.
 G = Mean time per level.
                   A        B        C        D        E       F      G
               +--------+--------+--------+--------+--------+-----+--------+
         Total |   1416 |   1392 |     24 |    239 |    905 |   2 |  708.0 |
       Dungeon |   1416 |   1392 |     24 |    239 |    905 |   2 |  708.0 |
               +--------+--------+--------+--------+--------+-----+--------+

Top non-repeatable levels by time:
     D:1: 1342 daAuts
     D:2: 73 daAuts
